 Dungeon Crawl Stone Soup version 0.29.0-4-gdea44cf6ec (webtiles) character file.

Game seed: 1712865598637113458

36894 qw the Severer (level 12, -13/115 HPs)
             Began as a Minotaur Fighter on Sept 7, 2022.
             Was an Elder of Ru.
             Mangled by Rupert
             ... wielding a +4 battleaxe of electrocution
              (14 damage)
             ... on level 4 of the Lair of Beasts.
             The game lasted 00:06:43 (15143 turns).

qw the Severer (Minotaur Fighter)                  Turns: 15143, Time: 00:06:44

Health: -13/115    AC: 44    Str: 32    XL:     12   Next: 55%
Magic:  11/11      EV:  9    Int:  5    God:    Ru [****..]
Gold:   510        SH:  6    Dex: 10    Spells: 11/11 levels left

rFire   x x .      SeeInvis +   o - +6 war axe (freeze)
rCold   x x .      Faith    .   c - +0 buckler
rNeg    . . .      Spirit   .   e - +9 plate armour "Heasoash" {Str+6}
rPois   +          Reflect  .   j - +1 hat
rElec   .          Harm     .   k - +2 cloak
rCorr   .          Rampage  .   t - +2 pair of gloves {hurl}
Will    .....                   (no boots)
Stlth   ..........              s - amulet of Elemental Vulnerability {rPois rF-- rC-- AC+8}
HPRegen 0.29/turn               g - +4 ring of protection
MPRegen 0.12/turn               p - ring of see invisible

@: about to teleport
A: horns 2, unskilled 1, inexperienced 1, missing an eye, retaliatory headbutt
a: Renounce Religion, Draw Out Power, Power Leap


You were on level 4 of the Lair of Beasts.
You worshipped Ru.
Ru was greatly pleased with you.
You visited 3 branches of the dungeon, and saw 16 of its levels.

You collected 897 gold pieces.
You spent 387 gold pieces at shops.


Innate Abilities, Weirdness & Mutations

You have a pair of horns on your head.
You are somewhat unskilled. (-1 Apt)
You are somewhat inexperienced. (-1 XL)
You are missing an eye, making it more difficult to aim.
You reflexively headbutt those who attack you in melee.


   Skills:
 - Level 13.0 Fighting
 - Level 17.0 Axes
 - Level 3.0 Throwing
 + Level 11.0 Armour
 - Level 5.1 Dodging
 - Level 8.9 Shields


You had 11 spell levels left.
You didn't know any spells.
Your spell library was empty.

Inventory:

Hand Weapons
 i - a +2 morningstar of protection
 o - a +6 war axe of freezing (weapon)
Missiles
 b - 4 boomerangs (quivered)
Armour
 c - a +0 buckler (worn)
 e - the +9 plate armour "Heasoash" (worn) {Str+6}
   (You found it on level 4 of the Dungeon)

   Str:       It affects your strength (+6).
 j - a +1 hat (worn)
 k - a +2 cloak (worn)
 t - a +2 pair of gloves of hurling (worn)
Jewellery
 g - a +4 ring of protection (left hand)
 p - a ring of see invisible (right hand)
 s - the amulet of Elemental Vulnerability (around neck) {rPois rF-- rC-- AC+8}
   (You found it on level 8 of the Dungeon)

   [amulet of nothing]

   AC:        It affects your AC (+8).
   rF:        It makes you very vulnerable to fire.
   rC:        It makes you very vulnerable to cold.
   rPois:     It protects you from poison.
 Y - a ring of willpower
Scrolls
 h - 12 scrolls of identify
 l - 7 scrolls of teleportation
Potions
 a - a potion of cancellation
 d - 4 potions of might
 f - 2 potions of heal wounds
 m - 6 potions of haste
 n - 6 potions of curing
 q - 2 potions of resistance
 r - a potion of mutation

Dungeon Overview and Level Annotations

Branches:
Dungeon (11/15)            Temple (1/1) D:7            Lair (4/5) D:10
 Shoals (0/4) Lair:3        Snake (0/4) Lair:3          Orc (0/2) D:11
  Slime: Lair:4-5

Altars:
Ashenzari
Cheibriados
Dithmenos
Elyvilon
Fedhas
Gozag
Hepliaklqana
Kikubaaqudgha
Makhleb
Nemelex Xobeh
Okawaru
Qazlal
Ru
Sif Muna
Trog
Uskayaw
Vehumet
Wu Jian
Xom
Yredelemnul
Zin
The Shining One

Shops:
D:5 *   D:7 *?   D:10 *[

Annotations:
D:4 1 runed translucent door, qw's ghost, amateur MiFi
Lair:3 2 transporters, qw's ghost, journeyman FoCA
Lair:4 Rupert


Message History

Rupert is lightly wounded.
Throw: 4 boomerangs
Press: ? - help, Q - select action Shift-Dir - straight line, f/p - Rupert You throw a boomerang.
The boomerang hits Rupert.
Rupert is moderately wounded.
Rupert roars madly and goes into a rage!
Rupert goes berserk!
You slice Rupert!! You freeze Rupert. You headbutt Rupert.
Rupert is heavily wounded.
Rupert is stunned by your conviction and fails to attack.
You closely miss Rupert.
Rupert is heavily wounded.
Rupert hits you with a +4 battleaxe of electrocution!!
You slash Rupert! You freeze Rupert.
Rupert is heavily wounded.
Rupert hits you but does no damage.
You miss Rupert.
Rupert is heavily wounded.
Rupert is stunned by your conviction and fails to attack.
You closely miss Rupert.
Rupert is heavily wounded.
Rupert hits you but does no damage.
You slash Rupert! You freeze Rupert. Your headbutt misses Rupert.
Rupert is heavily wounded.
Rupert hits you with a +4 battleaxe of electrocution!
You are electrocuted!
Rupert hits you with a +4 battleaxe of electrocution.
You hit Rupert. You freeze Rupert.
Rupert is heavily wounded.
Rupert hits you with a +4 battleaxe of electrocution!!
You focus your inner power and illuminate Rupert in retribution!
You slice Rupert!! You freeze Rupert!
Rupert is severely wounded.
Rupert hits you with a +4 battleaxe of electrocution!
15143 ||| READING 8 scrolls of teleportation.
As you read the scroll of teleportation, it crumbles to dust.
You feel strangely unstable.
Rupert hits you with a +4 battleaxe of electrocution!
You are electrocuted!
You die...

....### ###.... #
........#..#.... ##
................
.#######................
........................
...................?....
.................@......
##.#..#=........@~~~~...
####.###.......%~~~~~~~?
#............P..~~~~~~~~
.......#.......%~~~~~~~~
#.....##........~~~~~~~~
P.....##<....#...~.~~~~~
..............##.~.>.~~~
......##.....##.......~.
##.#..#.......##.P......


You could see Rupert (berserk, corona).

Vanquished Creatures
  A hydra (Lair:3)
  2 boulder beetles (Lair:1)
  A catoblepas (Lair:1)
  A two-headed ogre (D:10)
  3 death yaks (Lair:1)
  Nergalle (D:10)
  Pikel (D:9)
  A cyclops (D:11)
  4 elephants
  7 black mambas
  6 cane toads
  A torpor snail (Lair:1)
  An unseen horror (D:10)
  5 rime drakes
  7 komodo dragons
  3 trolls
  Grinder (D:6)
  2 polar bears
  19 blink frogs
  11 dream sheep
  Sigmund (D:3)
  3 wyverns
  A spriggan (Lair:2)
  A wraith (D:6)
  2 vampires
  47 yaks
  A steam dragon (D:8)
  A basilisk (Lair:2)
  An acid dragon (D:11)
  13 water moccasins
  7 orc warriors
  2 sky beasts
  3 ice beasts
  A black bear (D:5)
  3 wolves (Lair:2)
  9 centaurs
  An ogre (D:11)
  A lemure (D:9)
  4 phantoms
  A kobold brigand (D:9)
  11 bullfrogs
  A necrophage (D:8)
  2 gnoll sergeants (D:11)
  4 scorpions
  13 wights
  2 howler monkeys
  An electric eel (Lair:2)
  2 hounds (D:7)
  4 orc priests
  Jessica (D:3)
  4 iguanas
  10 orc wizards
  11 gnolls
  13 adders
  2 shadow imps
  3 white imps
  A worm (D:2)
  3 dart slugs
  39 orcs
  8 ball pythons
  5 endoplasms
  6 giant cockroaches
  9 goblins
  13 hobgoblins
  4 jackals (D:4)
  12 kobolds
  2 quokkas
  3 bats (D:1)
  A frilled lizard (D:1)
  2 rats (D:3)
373 creatures vanquished.

Vanquished Creatures (others)
  An elephant (Lair:3)
  A blink frog (Lair:3)
  5 fungi
  8 plants
15 creatures vanquished.

Grand Total: 388 creatures vanquished

Notes
Turn   | Place    | Note
-------+----------+-------------------------------------------
     0 | D:1      | qw the Minotaur Fighter began the quest for the Orb.
     0 | D:1      | Reached XP level 1. HP: 19/19 MP: 0/0
     0 | D:1      | 0 ||| qw: Version: 0.1-a-108-g9e35731
     0 | D:1      | 0 ||| qw: Game counter: 6557
     0 | D:1      | 0 ||| qw: Always use a shield: true
     0 | D:1      | 0 ||| qw: God list: Ru
     0 | D:1      | 0 ||| qw: Allow faded altars: false
     0 | D:1      | 0 ||| qw: Do Orc after D:15 true
     0 | D:1      | 0 ||| qw: Do second Lair branch before Depths: true
     0 | D:1      | 0 ||| qw: Lair rune preference: random
     0 | D:1      | 0 ||| qw: Plans: Normal
     0 | D:1      | 0 ||| PLANNING D:1-11
    75 | D:1      | Reached skill level 3 in Axes
   117 | D:1      | Reached XP level 2. HP: 26/26 MP: 1/1
   325 | D:1      | Reached skill level 4 in Axes
   545 | D:1      | 545 ||| Stepping ~*~*~tactically~*~*~ (stealth).
   549 | D:1      | 549 ||| Stepping ~*~*~tactically~*~*~ (stealth).
   588 | D:1      | Reached XP level 3. HP: 31/31 MP: 2/2
   639 | D:1      | 639 ||| READING 2 scrolls labelled GELACK OZIWKEI.
   640 | D:1      | 640 ||| READING scroll labelled DAJEMA EJYCIC.
   641 | D:1      | 641 ||| READING scroll labelled PYDIMOOGISU.
   642 | D:1      | 642 ||| READING scroll labelled HIPNUR WURROIP.
   643 | D:1      | 643 ||| DRINKING 2 coppery potions.
   744 | D:1      | 744 ||| DROPPING scroll of noise.
   745 | D:1      | 745 ||| DROPPING potion of ambrosia.
   787 | D:2      | 787 ||| FLEEEEING.
   788 | D:2      | 788 ||| FLEEEEING.
   793 | D:2      | 793 ||| FLEEEEING.
   794 | D:2      | 794 ||| FLEEEEING.
   800 | D:2      | 800 ||| STAIRDANCE
   940 | D:2      | 940 ||| Stepping ~*~*~tactically~*~*~ (stealth).
   946 | D:2      | 946 ||| Stepping ~*~*~tactically~*~*~ (stealth).
  1103 | D:2      | 1103 ||| DROPPING +0 club.
  1147 | D:2      | Found a faded altar of an unknown god.
  1457 | D:2      | Reached skill level 5 in Axes
  1581 | D:2      | Reached skill level 1 in Dodging
  1667 | D:2      | Reached XP level 4. HP: 39/39 MP: 3/3
  2082 | D:2      | 2082 ||| UPGRADING to +2 cloak.
  2087 | D:2      | 2087 ||| UPGRADING to +4 ring of protection.
  2088 | D:2      | 2088 ||| READING scroll labelled ZIULETZ DAOT.
  2089 | D:2      | 2089 ||| READING scroll labelled VYEDUSM UBLURU.
  2090 | D:2      | 2090 ||| READING scroll labelled LUMMOI FAJIWNUET.
  2091 | D:2      | 2091 ||| READING 2 scrolls labelled EPRYFF YKLESIT.
  2096 | D:2      | 2096 ||| DRINKING 3 dark potions.
  2117 | D:3      | Noticed Jessica
  2118 | D:3      | 2118 ||| Stepping ~*~*~tactically~*~*~ (hiding).
  2122 | D:3      | Killed Jessica
  2170 | D:3      | Noticed Sigmund
  2172 | D:3      | 2172 ||| Stepping ~*~*~tactically~*~*~ (hiding).
  2182 | D:3      | Killed Sigmund
  2183 | D:3      | Reached skill level 7 in Axes
  2183 | D:3      | Reached XP level 5. HP: 28/45 MP: 4/4
  2183 | D:3      | Reached XP level 6. HP: 32/51 MP: 5/5
  2347 | D:3      | 2347 ||| Stepping ~*~*~tactically~*~*~ (hiding).
  2481 | D:3      | 2481 ||| DROPPING +0 whip.
  2526 | D:3      | Found a glowing golden altar of the Shining One.
  2781 | D:3      | 2781 ||| Stepping ~*~*~tactically~*~*~ (hiding).
  2795 | D:3      | Reached skill level 8 in Axes
  3022 | D:3      | 3022 ||| UPGRADING to +1 hat.
  3027 | D:3      | 3027 ||| UPGRADING to +0 pair of gloves.
  3032 | D:3      | 3032 ||| UPGRADING to ring of willpower.
  3033 | D:3      | 3033 ||| READING 2 scrolls labelled VULYUR ENOWOGU.
  3034 | D:3      | 3034 ||| READING scroll of enchant armour.
  3034 | D:3      | 3034 ||| ENCHANTING +0 pair of gloves.
  3072 | D:4      | 3072 ||| STAIRDANCE
  3163 | D:4      | Identified the +9 plate armour "Heasoash" {Str+6}
  3215 | D:4      | Found a runed translucent door.
  3230 | D:4      | 3230 ||| Stepping ~*~*~tactically~*~*~ (stealth).
  3271 | D:4      | Reached skill level 9 in Axes
  3271 | D:4      | Reached XP level 7. HP: 58/59 MP: 6/6
  3294 | D:4      | 3294 ||| Stepping ~*~*~tactically~*~*~ (stealth).
  3530 | D:4      | 3530 ||| Stepping ~*~*~tactically~*~*~ (stealth).
  3531 | D:4      | 3531 ||| Stepping ~*~*~tactically~*~*~ (stealth).
  3539 | D:4      | 3539 ||| Stepping ~*~*~tactically~*~*~ (stealth).
  3645 | D:4      | Noticed qw's ghost (amateur MiFi)
  3693 | D:4      | 3693 ||| UPGRADING to +9 plate armour "Heasoash" {Str+6}.
  3703 | D:4      | 3703 ||| DROPPING +0 scale mail.
  3704 | D:4      | 3704 ||| READING scroll labelled YKAACHAKLY.
  3705 | D:4      | 3705 ||| READING 4 scrolls of identify.
  3705 | D:4      | 3705 ||| IDENTIFYING murky grey potion
  3706 | D:4      | 3706 ||| READING 3 scrolls of identify.
  3706 | D:4      | 3706 ||| IDENTIFYING smoky inky potion
  3707 | D:4      | 3707 ||| READING 2 scrolls of identify.
  3707 | D:4      | 3707 ||| IDENTIFYING ruby potion
  3708 | D:4      | 3708 ||| DROPPING potion of magic.
  3733 | D:5      | Entered Level 5 of the Dungeon
  3805 | D:5      | 3805 ||| Stepping ~*~*~tactically~*~*~ (stealth).
  3812 | D:5      | 3812 ||| Stepping ~*~*~tactically~*~*~ (stealth).
  3862 | D:5      | 3862 ||| Stepping ~*~*~tactically~*~*~ (hiding).
  3885 | D:5      | 3885 ||| FLEEEEING.
  3894 | D:5      | 3894 ||| FLEEEEING.
  3895 | D:5      | 3895 ||| FLEEEEING.
  3898 | D:5      | 3898 ||| FLEEEEING.
  3899 | D:5      | 3899 ||| FLEEEEING.
  3901 | D:5      | 3901 ||| FLEEEEING.
  3902 | D:5      | 3902 ||| FLEEEEING.
  3903 | D:5      | 3903 ||| FLEEEEING.
  3904 | D:5      | 3904 ||| STAIRDANCE
  3977 | D:4      | 3977 ||| READING 3 scrolls of identify.
  3977 | D:4      | 3977 ||| IDENTIFYING silvery potion
  3978 | D:4      | 3978 ||| READING 2 scrolls of identify.
  3978 | D:4      | 3978 ||| IDENTIFYING glowing orange potion
  3979 | D:4      | 3979 ||| DROPPING potion of brilliance.
  4046 | D:5      | 4046 ||| READING scroll of enchant weapon.
  4046 | D:5      | 4046 ||| ENCHANTING +1 war axe of freezing.
  4101 | D:5      | Reached skill level 10 in Axes
  4178 | D:5      | Reached XP level 8. HP: 68/68 MP: 7/7
  4315 | D:5      | 4315 ||| Stepping ~*~*~tactically~*~*~ (hiding).
  4344 | D:5      | 4344 ||| Stepping ~*~*~tactically~*~*~ (stealth).
  4410 | D:5      | Found Qaocurreyng's Assorted Antiques.
  4417 | D:5      | 4417 ||| BUYING potion of curing (84 gold).
  4417 | D:5      | Bought a potion of curing for 84 gold pieces
  4589 | D:5      | 4589 ||| DROPPING +6 ring of intelligence.
  4590 | D:5      | 4590 ||| READING 4 scrolls of identify.
  4590 | D:5      | 4590 ||| IDENTIFYING fuming blue potion
  4591 | D:5      | 4591 ||| DROPPING potion of lignification.
  4649 | D:6      | Reached skill level 6 in Fighting
  4655 | D:6      | 4655 ||| Stepping ~*~*~tactically~*~*~ (stealth).
  4656 | D:6      | 4656 ||| Stepping ~*~*~tactically~*~*~ (stealth).
  4665 | D:6      | Reached skill level 11 in Axes
  4666 | D:6      | Reached skill level 3 in Dodging
  4828 | D:6      | Noticed Grinder
  4838 | D:6      | Killed Grinder
  4841 | D:6      | Reached XP level 9. HP: 72/75 MP: 8/8
  4904 | D:6      | Found a burning altar of Makhleb.
  5040 | D:6      | Reached skill level 12 in Axes
  5682 | D:6      | 5682 ||| DROPPING amulet of faith.
  5683 | D:6      | 5683 ||| READING 4 scrolls of identify.
  5683 | D:6      | 5683 ||| IDENTIFYING bubbling cyan potion
  5703 | D:7      | Found Ineowem's Magic Scroll Shoppe.
  5758 | D:7      | Found a shimmering altar of Xom.
  5761 | D:7      | Found a radiant altar of Vehumet.
  5766 | D:7      | Found a glowing silver altar of Zin.
  5789 | D:7      | Reached skill level 6 in Armour
  5972 | D:7      | 5972 ||| READING scroll of enchant weapon.
  5972 | D:7      | 5972 ||| ENCHANTING +2 war axe of freezing.
  6048 | D:7      | Found a staircase to the Ecumenical Temple.
  6049 | D:7      | 6049 ||| PLANNING TEMPLE
  6055 | Temple   | Entered the Ecumenical Temple
  6242 | Temple   | 6242 ||| PLANNING D:1-11
  6319 | D:7      | Found Lahyuxzeri's Lightly-Used Armoury.
  6326 | D:7      | 6326 ||| SHOPLISTING -1 gold dragon scales (1125 gold, have
                  | 298).
  6326 | D:7      | 6326 ||| BUYING -3 demon whip (1 gold).
  6326 | D:7      | Bought a -3 demon whip for 1 gold piece
  6326 | D:7      | 6326 ||| DROPPING +0 flail.
  6398 | D:7      | Reached skill level 13 in Axes
  6460 | D:7      | Found a flagged portal.
  6723 | D:7      | 6723 ||| SHOPLISTING scroll of acquirement (520 gold, have
                  | 338).
  6723 | D:7      | 6723 ||| BUYING scroll of identify (20 gold).
  6723 | D:7      | Bought a scroll of identify for 20 gold pieces
  6723 | D:7      | 6723 ||| BUYING scroll of identify (20 gold).
  6723 | D:7      | Bought a scroll of identify for 20 gold pieces
  6723 | D:7      | 6723 ||| BUYING scroll of teleportation (30 gold).
  6723 | D:7      | Bought a scroll of teleportation for 30 gold pieces
  6723 | D:7      | 6723 ||| DROPPING amulet of magic regeneration.
  6865 | D:8      | 6865 ||| Stepping ~*~*~tactically~*~*~ (hiding).
  6981 | D:8      | 6981 ||| Stepping ~*~*~tactically~*~*~ (stealth).
  6983 | D:8      | 6983 ||| Stepping ~*~*~tactically~*~*~ (hiding).
  6984 | D:8      | 6984 ||| Stepping ~*~*~tactically~*~*~ (hiding).
  6989 | D:8      | 6989 ||| FLEEEEING.
  7027 | D:8      | 7027 ||| DROPPING -3 demon whip.
  7045 | D:8      | 7045 ||| Stepping ~*~*~tactically~*~*~ (stealth).
  7048 | D:8      | Reached skill level 1 in Throwing
  7050 | D:8      | 7050 ||| Stepping ~*~*~tactically~*~*~ (stealth).
  7267 | D:8      | Reached XP level 10. HP: 88/88 MP: 9/9
  7324 | D:8      | Found the amulet of Elemental Vulnerability {rPois rF--
                  | rC-- AC+8}
  7355 | D:8      | 7355 ||| Stepping ~*~*~tactically~*~*~ (stealth).
  7357 | D:8      | 7357 ||| Stepping ~*~*~tactically~*~*~ (hiding).
  7359 | D:8      | 7359 ||| Stepping ~*~*~tactically~*~*~ (hiding).
  7514 | D:8      | 7514 ||| Stepping ~*~*~tactically~*~*~ (hiding).
  7797 | D:8      | 7797 ||| UPGRADING to amulet of Elemental Vulnerability
                  | {rPois rF-- rC-- AC+8}.
  7802 | D:8      | 7802 ||| READING 5 scrolls of identify.
  7802 | D:8      | 7802 ||| IDENTIFYING murky pink potion
  7859 | D:9      | 7859 ||| Stepping ~*~*~tactically~*~*~ (hiding).
  7861 | D:9      | 7861 ||| Stepping ~*~*~tactically~*~*~ (hiding).
  7874 | D:9      | Reached skill level 14 in Axes
  7967 | D:9      | 7967 ||| Stepping ~*~*~tactically~*~*~ (stealth).
  8062 | D:9      | 8062 ||| FLEEEEING.
  8063 | D:9      | 8063 ||| FLEEEEING.
  8064 | D:9      | 8064 ||| FLEEEEING.
  8065 | D:9      | 8065 ||| FLEEEEING.
  8066 | D:9      | 8066 ||| FLEEEEING.
  8068 | D:9      | 8068 ||| FLEEEEING.
  8069 | D:9      | 8069 ||| FLEEEEING.
  8070 | D:9      | 8070 ||| FLEEEEING.
  8071 | D:9      | 8071 ||| FLEEEEING.
  8072 | D:9      | 8072 ||| FLEEEEING.
  8073 | D:9      | 8073 ||| FLEEEEING.
  8074 | D:9      | 8074 ||| FLEEEEING.
  8075 | D:9      | 8075 ||| FLEEEEING.
  8076 | D:9      | 8076 ||| FLEEEEING.
  8077 | D:9      | 8077 ||| FLEEEEING.
  8078 | D:9      | 8078 ||| FLEEEEING.
  8079 | D:9      | 8079 ||| FLEEEEING.
  8080 | D:9      | 8080 ||| FLEEEEING.
  8081 | D:9      | 8081 ||| FLEEEEING.
  8082 | D:9      | 8082 ||| FLEEEEING.
  8083 | D:9      | 8083 ||| FLEEEEING.
  8086 | D:9      | 8086 ||| FLEEEEING.
  8088 | D:9      | 8088 ||| STAIRDANCE
  8139 | D:9      | 8139 ||| STAIRDANCE
  8184 | D:9      | Found a sacrificial altar of Ru.
  8226 | D:9      | Became a worshipper of Ru the Awakened
  8267 | D:9      | 8267 ||| Stepping ~*~*~tactically~*~*~ (hiding).
  8361 | D:9      | Found an ancient bone altar of Kikubaaqudgha.
  8379 | D:9      | Noticed Pikel
  8380 | D:9      | 8380 ||| Stepping ~*~*~tactically~*~*~ (stealth).
  8386 | D:9      | 8386 ||| Stepping ~*~*~tactically~*~*~ (stealth).
  8388 | D:9      | 8388 ||| Stepping ~*~*~tactically~*~*~ (stealth).
  8389 | D:9      | 8389 ||| Stepping ~*~*~tactically~*~*~ (stealth).
  8393 | D:9      | Killed Pikel
  8394 | D:9      | Reached skill level 15 in Axes
  8574 | D:9      | Reached skill level 9 in Fighting
  8584 | D:9      | 8584 ||| READING scroll of enchant weapon.
  8584 | D:9      | 8584 ||| ENCHANTING +3 war axe of freezing.
  8633 | D:9      | 8633 ||| Stepping ~*~*~tactically~*~*~ (stealth).
  8634 | D:9      | 8634 ||| Stepping ~*~*~tactically~*~*~ (stealth).
  8635 | D:9      | 8635 ||| Stepping ~*~*~tactically~*~*~ (stealth).
  8774 | D:10     | Entered Level 10 of the Dungeon
  8794 | D:10     | Found a staircase to the Lair.
  8795 | D:10     | 8795 ||| Stepping ~*~*~tactically~*~*~ (stealth).
  8797 | D:10     | Found Welociwk's General Store.
  8799 | D:10     | 8799 ||| Stepping ~*~*~tactically~*~*~ (stealth).
  8874 | D:10     | Reached skill level 16 in Axes
  8880 | D:10     | Reached XP level 11. HP: 85/97 MP: 10/10
  8958 | D:10     | Reached skill level 6 in Shields
  8967 | D:10     | Found the +4 skin of Zhor {*Englaciate rC+++ SInv}
  9043 | D:10     | Found Gookazin's Antique Armour Shoppe.
  9047 | D:10     | 9047 ||| BUYING pair of glowing gloves (232 gold).
  9047 | D:10     | Bought a pair of glowing gloves for 232 gold pieces
  9170 | D:10     | Noticed a two-headed ogre
  9176 | D:10     | Killed a two-headed ogre
  9208 | D:10     | Found a faded altar of an unknown god.
  9208 | D:10     | Found a stormy altar of Qazlal.
  9216 | D:10     | Found a faded altar of an unknown god.
  9218 | D:10     | Found a broken altar of Ashenzari.
  9220 | D:10     | Found a snail-covered altar of Cheibriados.
  9294 | D:10     | Identified the +6 spear "Hedd" {protect, rElec rC+++ Will++
                  | Dex-5}
  9323 | D:10     | Reached skill level 17 in Axes
  9359 | D:10     | 9359 ||| Stepping ~*~*~tactically~*~*~ (stealth).
  9361 | D:10     | 9361 ||| Stepping ~*~*~tactically~*~*~ (stealth).
  9389 | D:10     | 9389 ||| INVOKING Sacrifice Skill.
  9389 | D:10     | Gained mutation: You are somewhat unskilled. (-1 Apt) [Ru
                  | sacrifice]
  9389 | D:10     | Reduced skill Fighting to level 9
  9389 | D:10     | Reduced skill Axes to level 15
  9389 | D:10     | Reached * piety under Ru
  9632 | D:10     | Noticed Nergalle
  9641 | D:10     | Killed Nergalle
  9733 | D:10     | Reached skill level 3 in Dodging
  9823 | D:10     | 9823 ||| UPGRADING to +2 pair of gloves of hurling.
  9833 | D:10     | 9833 ||| DROPPING +1 pair of gloves.
  9945 | D:11     | 9945 ||| Stepping ~*~*~tactically~*~*~ (hiding).
  9946 | D:11     | 9946 ||| Stepping ~*~*~tactically~*~*~ (stealth).
  9947 | D:11     | 9947 ||| Stepping ~*~*~tactically~*~*~ (stealth).
  9947 | D:11     | Found a staircase to the Orcish Mines.
  9967 | D:11     | 9967 ||| Stepping ~*~*~tactically~*~*~ (stealth).
 10030 | D:11     | 10030 ||| Stepping ~*~*~tactically~*~*~ (stealth).
 10046 | D:11     | 10046 ||| Stepping ~*~*~tactically~*~*~ (stealth).
 10054 | D:11     | 10054 ||| Stepping ~*~*~tactically~*~*~ (stealth).
 10057 | D:11     | 10057 ||| Stepping ~*~*~tactically~*~*~ (stealth).
 10063 | D:11     | 10063 ||| Stepping ~*~*~tactically~*~*~ (stealth).
 10088 | D:11     | Reached skill level 16 in Axes
 10231 | D:11     | Found a frozen archway.
 10282 | D:11     | Reached skill level 6 in Shields
 10302 | D:11     | 10302 ||| Stepping ~*~*~tactically~*~*~ (hiding).
 10429 | D:11     | 10429 ||| Stepping ~*~*~tactically~*~*~ (hiding).
 10490 | D:11     | Found a stormy altar of Qazlal.
 10723 | D:11     | 10723 ||| READING scroll labelled QAGUOM OREDAUHOSK.
 10724 | D:11     | 10724 ||| READING 10 scrolls of identify.
 10724 | D:11     | 10724 ||| IDENTIFYING white potion
 10725 | D:11     | 10725 ||| DROPPING potion of berserk rage.
 10738 | D:10     | 10738 ||| PLANNING LAIR
 10825 | Lair:1   | Entered Level 1 of the Lair of Beasts
 10844 | Lair:1   | Noticed a boulder beetle
 10858 | Lair:1   | Killed a boulder beetle
 10859 | Lair:1   | Reached XP level 12. HP: 73/104 MP: 11/11
 11158 | Lair:1   | 11158 ||| Stepping ~*~*~tactically~*~*~ (stealth).
 11169 | Lair:1   | Reached skill level 17 in Axes
 11172 | Lair:1   | 11172 ||| Stepping ~*~*~tactically~*~*~ (stealth).
 11173 | Lair:1   | 11173 ||| Stepping ~*~*~tactically~*~*~ (stealth).
 11227 | Lair:1   | 11227 ||| INVOKING Sacrifice Experience.
 11227 | Lair:1   | Gained mutation: You are somewhat inexperienced. (-1 XL)
                  | [Ru sacrifice]
 11227 | Lair:1   | Reached XP level 11. HP: 99/99 MP: 10/10
 11227 | Lair:1   | Reached ** piety under Ru
 11246 | Lair:1   | Noticed a boulder beetle
 11265 | Lair:1   | Killed a boulder beetle
 11507 | Lair:1   | Noticed a death yak
 11507 | Lair:1   | Noticed a death yak
 11508 | Lair:1   | 11508 ||| Stepping ~*~*~tactically~*~*~ (stealth).
 11510 | Lair:1   | Noticed a death yak
 11511 | Lair:1   | 11511 ||| Stepping ~*~*~tactically~*~*~ (stealth).
 11512 | Lair:1   | 11512 ||| Stepping ~*~*~tactically~*~*~ (stealth).
 11522 | Lair:1   | Killed a death yak
 11525 | Lair:1   | Killed a death yak
 11526 | Lair:1   | Reached skill level 9 in Armour
 11536 | Lair:1   | Killed a death yak
 11554 | Lair:1   | 11554 ||| READING 2 scrolls of enchant weapon.
 11554 | Lair:1   | 11554 ||| ENCHANTING +4 war axe of freezing.
 11555 | Lair:1   | 11555 ||| READING scroll of enchant weapon.
 11555 | Lair:1   | 11555 ||| ENCHANTING +5 war axe of freezing.
 11698 | Lair:1   | 11698 ||| Stepping ~*~*~tactically~*~*~ (stealth).
 11699 | Lair:1   | 11699 ||| Stepping ~*~*~tactically~*~*~ (stealth).
 11700 | Lair:1   | 11700 ||| Stepping ~*~*~tactically~*~*~ (stealth).
 11701 | Lair:1   | 11701 ||| Stepping ~*~*~tactically~*~*~ (stealth).
 11702 | Lair:1   | 11702 ||| Stepping ~*~*~tactically~*~*~ (stealth).
 11703 | Lair:1   | 11703 ||| Stepping ~*~*~tactically~*~*~ (stealth).
 11704 | Lair:1   | 11704 ||| Stepping ~*~*~tactically~*~*~ (stealth).
 11712 | Lair:1   | 11712 ||| Stepping ~*~*~tactically~*~*~ (stealth).
 11713 | Lair:1   | 11713 ||| Stepping ~*~*~tactically~*~*~ (stealth).
 11714 | Lair:1   | 11714 ||| Stepping ~*~*~tactically~*~*~ (stealth).
 11727 | Lair:1   | Noticed a catoblepas
 11728 | Lair:1   | 11728 ||| Stepping ~*~*~tactically~*~*~ (hiding).
 11736 | Lair:1   | 11736 ||| Stepping ~*~*~tactically~*~*~ (cloud).
 11737 | Lair:1   | 11737 ||| Stepping ~*~*~tactically~*~*~ (cloud).
 11738 | Lair:1   | 11738 ||| Stepping ~*~*~tactically~*~*~ (cloud).
 11741 | Lair:1   | 11741 ||| Stepping ~*~*~tactically~*~*~ (cloud).
 11742 | Lair:1   | 11742 ||| Stepping ~*~*~tactically~*~*~ (cloud).
 11744 | Lair:1   | 11744 ||| Stepping ~*~*~tactically~*~*~ (cloud).
 11745 | Lair:1   | Killed a catoblepas
 11914 | Lair:1   | Found a snail-covered altar of Cheibriados.
 11969 | Lair:1   | HP: 22/99 [centaur/arrow (6)]
 11970 | Lair:1   | 11970 ||| READING 7 scrolls of teleportation.
 11971 | Lair:1   | 11971 ||| DRINKING 4 potions of heal wounds.
 12255 | Lair:1   | 12255 ||| Stepping ~*~*~tactically~*~*~ (hiding).
 12256 | Lair:1   | 12256 ||| Stepping ~*~*~tactically~*~*~ (hiding).
 12257 | Lair:1   | 12257 ||| Stepping ~*~*~tactically~*~*~ (hiding).
 12268 | Lair:1   | 12268 ||| Stepping ~*~*~tactically~*~*~ (hiding).
 12269 | Lair:1   | 12269 ||| Stepping ~*~*~tactically~*~*~ (hiding).
 12437 | Lair:1   | HP: 25/100 [centaur/arrow (7)]
 12438 | Lair:1   | 12438 ||| READING 6 scrolls of teleportation.
 12439 | Lair:1   | 12439 ||| DRINKING 3 potions of heal wounds.
 12741 | Lair:1   | 12741 ||| READING 2 scrolls labelled ATZEDA ZOROLORGH.
 12930 | Lair:1   | 12930 ||| READING 9 scrolls of identify.
 12930 | Lair:1   | 12930 ||| IDENTIFYING orange potion
 12931 | Lair:1   | 12931 ||| DROPPING potion of attraction.
 12932 | Lair:1   | 12932 ||| DROPPING scroll of torment.
 12951 | Lair:2   | 12951 ||| STAIRDANCE
 12955 | Lair:2   | 12955 ||| STAIRDANCE
 13005 | Lair:2   | 13005 ||| STAIRDANCE
 13411 | Lair:2   | 13411 ||| Stepping ~*~*~tactically~*~*~ (hiding).
 13422 | Lair:2   | 13422 ||| Stepping ~*~*~tactically~*~*~ (stealth).
 13428 | Lair:2   | 13428 ||| Stepping ~*~*~tactically~*~*~ (stealth).
 13507 | Lair:2   | 13507 ||| Stepping ~*~*~tactically~*~*~ (stealth).
 13509 | Lair:2   | 13509 ||| Stepping ~*~*~tactically~*~*~ (stealth).
 13511 | Lair:2   | 13511 ||| Stepping ~*~*~tactically~*~*~ (stealth).
 13515 | Lair:2   | 13515 ||| Stepping ~*~*~tactically~*~*~ (stealth).
 13530 | Lair:2   | Reached skill level 12 in Fighting
 13556 | Lair:2   | 13556 ||| Stepping ~*~*~tactically~*~*~ (stealth).
 13557 | Lair:2   | 13557 ||| Stepping ~*~*~tactically~*~*~ (stealth).
 13558 | Lair:2   | 13558 ||| Stepping ~*~*~tactically~*~*~ (stealth).
 13585 | Lair:2   | 13585 ||| Stepping ~*~*~tactically~*~*~ (hiding).
 13591 | Lair:2   | Reached XP level 12. HP: 112/112 MP: 11/11
 13885 | Lair:2   | 13885 ||| DROPPING ring of wizardry.
 13886 | Lair:2   | 13886 ||| READING 3 scrolls labelled JUJAEN WOTE.
 13887 | Lair:2   | 13887 ||| DROPPING 2 scrolls of blinking.
 13919 | Lair:3   | 13919 ||| PLANNING GAUNTLET
 13941 | Lair:3   | 13941 ||| INVOKING Sacrifice an Eye.
 13941 | Lair:3   | Gained mutation: You are missing an eye, making it more
                  | difficult to aim. [Ru sacrifice]
 13941 | Lair:3   | Reached *** piety under Ru
 13941 | Lair:3   | Reached **** piety under Ru
 14016 | Lair:3   | Noticed qw's ghost (journeyman FoCA)
 14028 | Lair:3   | 14028 ||| Stepping ~*~*~tactically~*~*~ (stealth).
 14037 | Lair:3   | 14037 ||| SWAPPING to +2 morningstar of protection.
 14039 | Lair:3   | 14039 ||| Stepping ~*~*~tactically~*~*~ (outnumbered).
 14040 | Lair:3   | 14040 ||| Stepping ~*~*~tactically~*~*~ (outnumbered).
 14041 | Lair:3   | 14041 ||| Stepping ~*~*~tactically~*~*~ (outnumbered).
 14042 | Lair:3   | 14042 ||| Stepping ~*~*~tactically~*~*~ (outnumbered).
 14047 | Lair:3   | 14047 ||| Stepping ~*~*~tactically~*~*~ (outnumbered).
 14050 | Lair:3   | 14050 ||| Stepping ~*~*~tactically~*~*~ (outnumbered).
 14052 | Lair:3   | 14052 ||| Stepping ~*~*~tactically~*~*~ (outnumbered).
 14059 | Lair:3   | 14059 ||| SWAPPING to +6 war axe of freezing.
 14069 | Lair:3   | 14069 ||| FLEEEEING.
 14070 | Lair:3   | 14070 ||| FLEEEEING.
 14071 | Lair:3   | 14071 ||| FLEEEEING.
 14072 | Lair:3   | 14072 ||| FLEEEEING.
 14073 | Lair:3   | 14073 ||| FLEEEEING.
 14079 | Lair:3   | Found a transporter.
 14281 | Lair:3   | Found a transporter.
 14297 | Lair:3   | Found a staircase to the Shoals.
 14307 | Lair:3   | 14307 ||| Stepping ~*~*~tactically~*~*~ (water).
 14353 | Lair:3   | 14353 ||| RIP GAUNTLET
 14368 | Lair:3   | 14368 ||| PLANNING LAIR
 14448 | Lair:3   | 14448 ||| UPGRADING to ring of see invisible.
 14450 | Lair:3   | 14450 ||| READING 7 scrolls of teleportation.
 14513 | Lair:3   | Found a staircase to the Snake Pit.
 14941 | Lair:4   | 14941 ||| Stepping ~*~*~tactically~*~*~ (stealth).
 14945 | Lair:4   | 14945 ||| STAIRDANCE
 14964 | Lair:4   | Reached skill level 3 in Throwing
 15122 | Lair:4   | 15122 ||| Stepping ~*~*~tactically~*~*~ (water).
 15129 | Lair:4   | Noticed Rupert
 15142 | Lair:4   | HP: 12/115 [Rupert/+4 battleaxe of electrocution (17)]
 15143 | Lair:4   | 15143 ||| READING 8 scrolls of teleportation.
 15143 | Lair:4   | HP: 1/115 [Rupert/+4 battleaxe of electrocution (12)]
 15143 | Lair:4   | Mangled by Rupert

Levels and vault maps discovered:
D:1:      dpeg_arrival_rooms_a, layout_rooms
D:2:      layout_basic, hellmonk_ecumenical_altar_defaced_shrine
D:3:      layout_basic, lemuel_tele_altar, uniq_sigmund, uniq_jessica
D:4:      layout_loops_cross, ebering_ghost_reflecting_pool
D:5:      layout_loops_cross, serial_shops, shop
D:6:      layout_loops_corners, lemuel_crystal_altar, minmay_misc_feat_square,
          uniq_grinder
D:7:      layout_basic, grunt_temple_overflow_diamond,
          minmay_temple_entry_mini_moons, enter_bailey_3, serial_shops,
          nicolae_inconvenience_store, minmay_shop_damaged
D:8:      layout_gridville
D:9:      layout_long_grid, nicolae_ru_awakened_eye,
          mainiacjoe_overflow_boulevard, uniq_pikel
D:10:     layout_loops_corners, chequers_temple_overflow_minitemple,
          lair_entry_dummy, serial_shops, nicolae_shop_trees,
          nicolae_take_the_stairs, hellmonk_guarded_unrand_zhor, uniq_nergalle
D:11:     layout_roguey, erik_orc_3, portal_ice_cave_entry_pillars_2,
          nicolae_qazlal_scattered_showers
Temple:   hc_temple_tempest_star
Lair:1:   layout_regular_city, chequers_serial_rivers_large_a,
          lemuel_centaur_altar
Lair:2:   layout_long_grid, grunt_forest_large_clearing_hut, grunt_megastairs_3,
          lemuel_fruit_fields, serial_bayou_shore_a
Lair:3:   layout_big_grid, elwin_shoals_entry_rocks,
          minmay_snake_entry_six_corridors, gauntlet_entry_generic,
          gammafunk_ghost_arena
Lair:4:   layout_regular_city, slime_entry_1, serial_bayou_pond_c,
          infiniplex_staircase_pool, uniq_nessos, uniq_rupert

Skill      XL: |  1  2  3  4  5  6  7  8  9 10 11 12 |
---------------+-------------------------------------+-----
Axes           | 3 4 5 7 9 10 11 13 16 16 17 | 17.0
Dodging        | 1 3 4 5 |  5.1
Fighting       | 4 5 6 8 9 12 13 | 13.0
Armour         | 5 7 8 10 11 | 11.0
Shields        | 4 5 7 8 |  8.9
Throwing       | 1 2 3 |  3.0

Action                   |  1- 3 |  4- 6 |  7- 9 | 10-12 || total
-------------------------+-------+-------+-------+-------++-------
Melee: War axe           |    74 |    81 |   204 |   581 ||   940
       Headbutt          |    12 |     7 |    29 |   111 ||   159
       Morningstar       |       |       |       |    14 ||    14
Throw: Boomerang         |       |       |     3 |   175 ||   178
Invok: Sacrifice Experie |       |       |       |     1 ||     1
       Sacrifice Skill   |       |       |       |     1 ||     1
       Sacrifice an Eye  |       |       |       |     1 ||     1
  Use: Scroll            |     4 |     6 |    10 |    13 ||    33
       Potion            |     1 |     1 |       |     2 ||     4
 Stab: Petrified         |       |       |       |     3 ||     3
       Invisible         |       |       |       |     1 ||     1
Armor: Scale mail        |    15 |    24 |    10 |       ||    49
       Plate armour      |       |       |    90 |   437 ||   527
Dodge: Dodged            |    35 |    20 |    48 |   224 ||   327
Block: Buckler           |    13 |     9 |    24 |   151 ||   197

Table legend:
 A = Non-vault XP
 B = Vault XP
 C = Vault XP percentage of total XP
 D = Non-vault monster count
 E = Vault monster count
 F = Vault count percentage of total count
                 A         B        C        D         E       F
            +---------+---------+-------+---------+---------+-------
      Total |   43874 |    8832 |  16.8 |     321 |      52 |  13.9
            +---------+---------+-------+---------+---------+-------
        D:1 |      44 |       0 |   0.0 |      24 |       0 |   0.0
        D:2 |      76 |       9 |  10.6 |      15 |       3 |  16.7
        D:3 |     161 |     260 |  61.8 |      18 |       2 |  10.0
        D:4 |     405 |       0 |   0.0 |      24 |       0 |   0.0
        D:5 |     634 |       0 |   0.0 |      20 |       0 |   0.0
        D:6 |    1478 |     281 |  16.0 |      16 |       1 |   5.9
        D:7 |    1050 |       8 |   0.8 |      12 |       4 |  25.0
        D:8 |    1645 |       0 |   0.0 |      24 |       0 |   0.0
        D:9 |    1961 |     629 |  24.3 |      29 |       1 |   3.3
       D:10 |    6000 |    2240 |  27.2 |      25 |       5 |  16.7
       D:11 |    3103 |     484 |  13.5 |      21 |      16 |  43.2
     Lair:1 |   10407 |     419 |   3.9 |      28 |       4 |  12.5
     Lair:2 |    6205 |    1498 |  19.4 |      28 |       6 |  17.6
     Lair:3 |    7411 |    3004 |  28.8 |      24 |      10 |  29.4
     Lair:4 |    3294 |       0 |   0.0 |      13 |       0 |   0.0
            +---------+---------+-------+---------+---------+-------
